 Dungeon Crawl Stone Soup version 0.24-a0-582-g4d4af813a0 (webtiles) character file.

Game seed: 12973294900712179902

14017 Flugkiller the Grappler (level 12, -15/96 HPs)
             Began as a Formicid Transmuter on Aug 27, 2019.
             Was a High Priest of Makhleb.
             Demolished by a death knight
             ... wielding a +1 battleaxe
              (36 damage)
             ... on level 12 of the Dungeon.
             The game lasted 00:26:10 (16069 turns).

Flugkiller the Grappler (Formicid Transmuter)      Turns: 16069, Time: 00:26:10

Health: -15/96     AC:  5    Str: 16    XL:     12   Next: 39%
Magic:  14/17      EV: 17    Int: 16    God:    Makhleb [*****.]
Gold:   369        SH:  0    Dex: 12    Spells: 6/17 levels left

rFire    . . .     SeeInvis +     - Unarmed
rCold    + . .     Gourm    .   (shield currently unavailable)
rNeg     . . .     Faith    .   B - +2 robe {Archmagi}
rPois    .         Spirit   .   (helmet unavailable)
rElec    .         Reflect  .   y - +0 cloak
rCorr    .         Harm     .   (gloves currently unavailable)
MR       ++...                  (no boots)
Stlth    +.........             (no amulet)
HPRegen  0.26/turn              C - ring of protection from magic
MPRegen  0.15/turn              (no ring)

@: blade hands
A: permanent stasis, dig shafts and tunnels, four strong arms, antennae 3, cold
resistance 1, mutation resistance 1
a: Dig, Shaft Self, End Transformation, Minor Destruction, Lesser Servant of
Makhleb, Major Destruction, Greater Servant of Makhleb, Renounce Religion


You were on level 12 of the Dungeon.
You worshipped Makhleb.
Makhleb was extremely pleased with you.
You were hungry.
You had blades for hands.
You visited 1 branch of the dungeon, and saw 12 of its levels.
You also visited: Ossuary.

You collected 909 gold pieces.
You spent 540 gold pieces at shops.

Inventory:

Hand Weapons
 j - a +2 spear of venom
   (You took it off a gnoll on level 2 of the Dungeon)
 q - the +8 dagger of Fortitude {flame, rN+ SInv Stlth+}
   (You found it on level 4 of the Dungeon)

   It has been specially enchanted to burn those struck by it, causing extra
   injury to most foes and up to half again as much damage against particularly
   susceptible opponents.
   It protects you from negative energy.
   It lets you see invisible.
   It makes you more stealthy.
Missiles
 a - 253 arrows
 b - 149 stones (quivered)
 E - 15 poisoned darts
Armour
 n - a +2 pair of gloves (melded)
   (You found it on level 4 of the Dungeon)
 y - a +0 cloak (worn)
   (You found it on level 6 of the Dungeon)
 B - a +2 robe of the Archmagi (worn)
   (You took it off Erica on level 10 of the Dungeon)
Jewellery
 C - a ring of protection from magic (left scythe-like blade)
   (You bought it in a shop on level 9 of the Dungeon)
Wands
 p - a wand of polymorph (11)
   (You found it on level 9 of the Dungeon)
 z - a wand of digging (9)
   (You found it on level 6 of the Dungeon)
 A - a wand of flame (14)
   (You found it on level 8 of the Dungeon)
Scrolls
 d - 3 scrolls of amnesia
 e - a scroll of vulnerability
 k - 6 scrolls of remove curse
 m - a scroll of immolation
 o - 2 scrolls of fog
 u - a scroll of holy word
 v - a scroll of summoning
 w - a scroll of random uselessness {unknown}
 x - 2 scrolls of fear
 D - a scroll of enchant armour {unknown}
 F - a scroll of magic mapping {unknown}
Potions
 c - 3 potions of berserk rage
 g - a potion of invisibility
 h - a potion of lignification
 i - a potion of heal wounds
 l - 4 potions of flight
 r - a potion of brilliance
 s - a potion of agility
 t - 2 potions of mutation
 G - a potion of curing
Comestibles
 f - 17 rations
 H - 12 chunks of flesh


   Skills:
 + Level 9.6 Fighting
 * Level 8.8 Dodging
 * Level 10.1 Unarmed Combat
 - Level 3.2 Spellcasting
 - Level 10.0 Transmutations
 + Level 6.9 Invocations


You had 6 spell levels left.
You knew the following spells:

 Your Spells              Type           Power        Failure   Level  Hunger
a - Beastly Appendage     Tmut           ######       10%         1    None
b - Sticks to Snakes      Tmut           ######..     11%         2    ##.....
c - Spider Form           Tmut/Pois      ####......   38%         3    ###....
e - Blade Hands           Tmut           ######....   43%         5    ######.

Your spell library contained the following spells:

 Spells                   Type           Power        Failure   Level  Hunger
 Passwall                 Tmut/Erth      ####....     28%         2    ##.....
 Sandblast                Erth           #.....       61%         1    None
 Ice Form                 Ice/Tmut       ####....     65%         4    ####...
 Petrify                  Tmut/Erth      ####....     65%         4    ####...
 Poisonous Vapours        Pois/Air       #.....       71%         2    ##.....
 Conjure Flame            Conj/Fire      #.......     87%         3    ###....
 Mephitic Cloud           Conj/Pois/Air  #.......     87%         3    ###....
 Stone Arrow              Conj/Erth      #.....       87%         3    ###....
 Lee's Rapid Deconstruct  Erth           #.........   100%        5    ######.
 Freezing Cloud           Conj/Ice/Air   #.........   100%        6    #######
 Ring of Flames           Chrm/Fire      #.........   100%        7    #######


Dungeon Overview and Level Annotations

Branches:
Dungeon (12/15)            Temple (0/1) D:7            Lair (0/6) D:10
    Orc (0/2) D:10        Ossuary (visited)

Altars:
Elyvilon
Fedhas
Gozag
Hepliaklqana
Makhleb
Nemelex Xobeh
Okawaru
Qazlal
Ru
Trog
Uskayaw
Vehumet
Wu Jian
Yredelemnul
The Shining One

Shops:
D:4 ?   D:8 =   D:9 !=%*

Annotations:
D:2 Sigmund
D:3 2 transporters
D:9 2 transporters, skumtomte's ghost, novice HOAs
D:12 2 runed translucent doors, milododd's ghost, journeyman DsIE


Innate Abilities, Weirdness & Mutations

You cannot be hasted, slowed, berserked, paralysed or teleported.
You can dig through walls and to a lower floor.
Your four strong arms can wield two-handed weapons with a shield.
You have a pair of large antennae on your head. (SInv)
Your flesh is cold resistant. (rC+)
You are somewhat resistant to further mutation.


Message History

Your hands turn into razor-sharp scythe blades.
Your +2 pair of gloves melds into your body.
You barely miss the death knight.
The death knight offers itself to Yredelemnul, and fills with unholy energy.
You barely miss the death knight.
The death knight hits you with a +1 battleaxe!
You slice the death knight!!
The death knight is heavily wounded.
The death knight reflects your damage back at you!
You hit the death knight but do no damage.
The death knight is heavily wounded.
The death knight hits you with a +1 battleaxe!
Unknown command.
You are feeling hungry.
A wyvern zombie comes into view.
The orc shouts!
Unknown command.
The death knight's dark mirror aura disappears.
You hit the death knight.
The death knight is moderately wounded.
The death knight hits you with a +1 battleaxe!
* * * LOW HITPOINT WARNING * * *
You slice the death knight!!
The death knight is severely wounded.
The wyvern zombie closely misses you.
Unknown command.
You barely miss the death knight.
The death knight is severely wounded.
The death knight barely misses you. The wyvern zombie bites you!
* * * LOW HITPOINT WARNING * * *
You hit the death knight but do no damage.
The death knight is severely wounded.
The wyvern zombie closely misses you.
Unknown command.
You hit the death knight.
The death knight is severely wounded.
The death knight invokes the aid of Yredelemnul against you.
You easily resist.
The wyvern zombie closely misses you.
Unknown command.
You hit the death knight but do no damage.
The death knight is severely wounded.
The death knight hits you with a +1 battleaxe.
* * * LOW HITPOINT WARNING * * *
The wyvern zombie bites you.
* * * LOW HITPOINT WARNING * * *
You slash the death knight!
The death knight is almost dead.
The wyvern zombie completely misses you.
The death knight hits you with a +1 battleaxe!!!
You die...

#..+.# 8. #..+.#ooo
#..#o#.o #..#oo##.
#..#oo#8. #..#Wo##.
##########..#oh...
#>....Z....8#
#....@p...###
#...#####.# ##.##
#.##### {
#.######.#...
#......#.#.# ##
######.#...# ..
#.#########.####
#.#####<..#.....
#####...........###.


You could see a death knight and a wyvern zombie.

Vanquished Creatures
  2 two-headed ogres
  Erica (D:10)
  Urug (D:10)
  An ugly thing (D:11)
  Joseph (D:8)
  2 gargoyles (D:11)
  Grinder (D:6)
  6 slime creatures
  3 hippogriffs
  4 yaks (D:11)
  Grum (D:8)
  2 hungry ghosts
  2 steam dragons
  Menkaure (D:7)
  3 wargs (D:10)
  A water moccasin (D:8)
  A soldier ant (D:12)
  3 black bears
  4 orc warriors
  2 phantoms
  An ice beast (D:11)
  5 centaurs
  2 wolves (D:8)
  6 ogres
  A big kobold (D:11)
  An elf zombie (Ossuary)
  3 bullfrogs
  2 water moccasin skeletons
  A scorpion (D:6)
  14 killer bees
  5 wights (D:11)
  A howler monkey (D:10)
  2 bullfrog zombies
  A quasit (D:6)
  A centaur zombie (D:7)
  4 crimson imps
  9 hounds
  2 centaur skeletons
  A jelly (D:12)
  A bullfrog skeleton (D:12)
  12 orc wizards
  12 orc priests
  3 iguanas
  13 worker ants
  A hound zombie (Ossuary)
  5 mummies
  A worker ant zombie (D:11)
  A howler monkey skeleton (D:4)
  17 gnolls
  9 adders
  4 river rats (D:6)
  4 shadow imps
  2 oozes
  3 worms
  2 dart slugs (D:2)
  6 leopard geckos
  51 orcs
  9 bats
  2 giant cockroaches
  10 hobgoblins
  4 jackals
  15 kobolds
  5 quokkas
  A ball python zombie (D:5)
  3 frilled lizards
  2 gnoll zombies (Ossuary)
  5 goblins
  3 hobgoblin zombies
  A jackal zombie (Ossuary)
  3 kobold zombies (Ossuary)
  3 orc zombies (Ossuary)
  2 quokka skeletons (D:5)
  2 quokka zombies (D:6)
  3 rats
324 creatures vanquished.

Vanquished Creatures (collateral kills)
  A queen bee (D:9)
  A basilisk (D:8)
  A hungry ghost (D:8)
  A sky beast (D:7)
  10 killer bees
  3 howler monkeys (D:7)
  An adder (D:2)
  2 orcs
20 creatures vanquished.

Vanquished Creatures (others)
  11 plants
11 creatures vanquished.

Grand Total: 355 creatures vanquished

Notes
Turn   | Place    | Note
-------+----------+-------------------------------------------
     0 | D:1      | Flugkiller the Formicid Transmuter began the quest for the
                  | Orb.
     0 | D:1      | Reached XP level 1. HP: 15/15 MP: 3/3
   332 | D:1      | Reached XP level 2. HP: 18/21 MP: 5/5
  1348 | D:2      | Reached XP level 3. HP: 17/26 MP: 4/6
  1381 | D:2      | Learned a level 2 spell: Sticks to Snakes
  1409 | D:2      | Noticed Sigmund
  1702 | D:2      | Found a burning altar of Makhleb.
  1719 | D:2      | Became a worshipper of Makhleb the Destroyer
  1771 | D:2      | Found a sacrificial altar of Ru.
  1835 | D:2      | You fall into a shaft and drop 1 floor!
  1835 | D:3      | Found a faded altar of an unknown god.
  2177 | D:3      | Found a bloodstained altar of Trog.
  2376 | D:3      | Found a transporter.
  2484 | D:3      | Reached XP level 4. HP: 24/33 MP: 7/7
  2562 | D:3      | Learned a level 3 spell: Spider Form
  2579 | D:3      | Found a basalt altar of Yredelemnul.
  2589 | D:3      | Found a hide-covered altar of Uskayaw.
  2655 | D:2      | Found a white marble altar of Elyvilon.
  2734 | D:2      | Reached * piety under Makhleb
  3159 | D:2      | Reached XP level 5. HP: 24/39 MP: 5/8
  3571 | D:3      | Found a transporter.
  3868 | D:3      | Found an iron altar of Okawaru.
  4078 | D:4      | Reached skill level 5 in Transmutations
  4078 | D:4      | Reached XP level 6. HP: 39/47 MP: 9/9
  4087 | D:4      | Noticed an ogre
  4200 | D:4      | Killed an ogre
  4222 | D:4      | Found Hiudoyso's Magic Scroll Boutique.
  4246 | D:4      | Bought a scroll of fog for 24 gold pieces
  4261 | D:4      | Noticed a phantom
  4768 | D:4      | Reached XP level 7. HP: 45/53 MP: 7/10
  4844 | D:4      | Got a steaming dagger
  4905 | D:4      | Found a sparkling altar of Nemelex Xobeh.
  5169 | D:5      | Entered Level 5 of the Dungeon
  5325 | D:5      | Reached skill level 5 in Unarmed Combat
  5440 | D:5      | Identified the +8 dagger of Fortitude {flame, rN+ SInv
                  | Stlth+} (You found it on level 4 of the Dungeon)
  5469 | D:5      | Reached XP level 8. HP: 50/61 MP: 4/11
  5733 | D:5      | Reached ** piety under Makhleb
  6188 | D:6      | Found a stormy altar of Qazlal.
  6235 | D:6      | Found a sand-covered staircase.
  6250 | Ossuary  | Entered an ossuary
  6266 | Ossuary  | Reached skill level 5 in Invocations
  6322 | Ossuary  | Reached skill level 5 in Fighting
  6686 | D:6      | Found a radiant altar of Vehumet.
  6745 | D:6      | Reached XP level 9. HP: 68/68 MP: 12/12
  6796 | D:6      | Reached *** piety under Makhleb
  7284 | D:6      | Found a blossoming altar of Fedhas.
  7288 | D:6      | Reached skill level 5 in Dodging
  7309 | D:6      | Noticed a hippogriff
  7319 | D:6      | Killed a hippogriff
  7330 | D:6      | Noticed Grinder
  7373 | D:6      | Killed Grinder
  7682 | D:6      | Found a glowing golden altar of the Shining One.
  7896 | D:7      | Found an ornate altar of the Wu Jian Council.
  7928 | D:7      | Noticed Menkaure
  8174 | D:7      | Found a staircase to the Ecumenical Temple.
  8180 | D:7      | Killed Menkaure
  8266 | D:7      | Reached XP level 10. HP: 16/79 MP: 11/13
  9119 | D:7      | Learned a level 5 spell: Blade Hands
  9441 | D:8      | Found Wuustr Diakh's Jewellery Shoppe.
 10395 | D:8      | Reached **** piety under Makhleb
 10623 | D:8      | Noticed Grum
 10632 | D:8      | Reached XP level 11. HP: 76/87 MP: 12/15
 10642 | D:8      | Killed Grum
 10671 | D:9      | Noticed Joseph
 10687 | D:8      | Killed Joseph
 11150 | D:9      | Found a hazy altar of Hepliaklqana.
 11358 | D:9      | Noticed skumtomte's ghost (novice HOAs)
 11430 | D:9      | HP: 4/130 [killer bee (5)]
 11774 | D:9      | Found Fouth's Jewellery Emporium.
 11774 | D:9      | Found Zeyduv's Distillery.
 11775 | D:9      | Found Binuss's Assorted Antiques.
 11776 | D:9      | Found Qychacli's Food Emporium.
 11783 | D:9      | Bought a scroll labeled MAS DOHEUNWIOX for 34 gold pieces
 11783 | D:9      | Bought an encrusted sapphire ring for 170 gold pieces
 11789 | D:9      | Bought a potion of mutation for 104 gold pieces
 11789 | D:9      | Bought 2 potions of mutation for 208 gold pieces
 11789 | D:9      | Gained mutation: Your flesh is cold resistant. (rC+)
                  | [potion of mutation]
 11789 | D:9      | Gained mutation: Armour fits poorly on your strangely
                  | shaped body. [potion of mutation]
 11789 | D:9      | Gained mutation: Your mind is acute. (Int +2) [potion of
                  | mutation]
 11790 | D:9      | Lost mutation: Armour fits poorly on your strangely shaped
                  | body. [potion of mutation]
 11790 | D:9      | Lost mutation: Your mind is acute. (Int +2) [potion of
                  | mutation]
 11790 | D:9      | Gained mutation: You are somewhat resistant to further
                  | mutation. [potion of mutation]
 11813 | D:9      | Reached skill level 10 in Transmutations
 11927 | D:9      | Found a transporter.
 12046 | D:9      | Found a transporter.
 12433 | D:9      | Found a radiant altar of Vehumet.
 12743 | D:10     | Entered Level 10 of the Dungeon
 12743 | D:10     | Noticed Urug
 12752 | D:10     | Noticed a two-headed ogre
 12756 | D:10     | You fall into a shaft and drop 2 floors!
 13370 | D:10     | Killed Urug
 13702 | D:10     | Found a staircase to the Orcish Mines.
 13751 | D:10     | Killed a two-headed ogre
 13839 | D:10     | Noticed Erica
 13843 | D:10     | Killed Erica
 13843 | D:10     | Reached XP level 12. HP: 95/95 MP: 10/16
 13923 | D:10     | Reached ***** piety under Makhleb
 13975 | D:10     | Found a staircase to the Lair.
 14380 | D:10     | Found an opulent altar of Gozag.
 14968 | D:11     | Found an ornate altar of the Wu Jian Council.
 15335 | D:11     | Noticed a two-headed ogre
 15341 | D:11     | Killed a two-headed ogre
 15341 | D:11     | Reached skill level 10 in Unarmed Combat
 16040 | D:12     | Found a runed translucent gate.
 16042 | D:12     | Noticed milododd's ghost (journeyman DsIE)
 16043 | D:12     | Found a runed translucent gate.
 16049 | D:12     | Noticed a death knight
 16069 | D:12     | Demolished by a death knight

Levels and vault maps discovered:
D:1:      evilmike_arrival_fibonacci_small, layout_loops_corners
D:2:      layout_loops_cross, nicolae_ru_sacrificial_ziggurat,
          lemuel_round_altar, lemuel_round_altar, uniq_sigmund
D:3:      gammafunk_wand_slinger, layout_loops_ring, old_standard_altar,
          okawaru_altar_gauntlet_db, yredelemnul_altar_generic,
          overflow_temple_1_default, chequers_ecumenical_altar_simple,
          kennysheep_flooded_box
D:4:      layout_rooms, lemuel_round_altar, serial_shops, shop, first_ration,
          serial_bayou_lake_a
D:5:      cheibrodos_fzero, layout_basic, grunt_decor_one_mirror
D:6:      wad_woods_stonehenge, layout_basic, nicolae_tso_carved_into_rock,
          overflow_temple_1_default, basic_altar, nicolae_ossuary_entry_giza,
          uniq_grinder
D:7:      layout_rooms, lemuel_crystal_altar, temple_pool_b, uniq_menkaure
D:8:      kennysheep_big_flooded_room, layout_gridville, serial_shops, shop,
          uniq_grum
D:9:      layout_layer_cave, kennysheep_mini_moat,
          nicolae_overflow_crystal_walls, gammafunk_ghost_stat_death,
          david_nohive_1, minmay_shop_grid_forest, uniq_joseph
D:10:     layout_loops_ring, erik_lair_orcish_takeover, orc_david_3,
          grunt_gozag_statues, uniq_urug, uniq_erica
D:11:     layout_stronghold, basic_altar
D:12:     layout_loops_ring, biasface_ghost_orc_armoury

Skill      XL: |  1  2  3  4  5  6  7  8  9 10 11 12 |
---------------+-------------------------------------+-----
Unarmed Combat | 4 5 7 8 9 10 | 10.1
Fighting       | 2 3 4 5 7 8 9 |  9.6
Transmutations | 3 5 7 10 | 10.0
Dodging        | 2 3 4 5 6 8 |  8.8
Invocations    | 5 6 |  6.9
Spellcasting   | 3 |  3.2

Action                   |  1- 3 |  4- 6 |  7- 9 | 10-12 || total
-------------------------+-------+-------+-------+-------++-------
Melee: Unarmed           |   154 |    31 |    29 |   579 ||   793
       Punch             |     3 |       |    11 |    11 ||    25
       Kick              |     9 |       |       |       ||     9
       Spear             |       |   104 |    79 |       ||   183
       Dagger            |       |       |   247 |    36 ||   283
 Cast: Beastly Appendage |     9 |     2 |       |       ||    11
       Sticks to Snakes  |     1 |     9 |    11 |     4 ||    25
       Spider Form       |       |     2 |     5 |    23 ||    30
       Blade Hands       |       |       |       |    28 ||    28
Invok: Minor Destruction |       |       |     5 |     5 ||    10
       Lesser Servant of |       |       |     4 |     5 ||     9
 Abil: Dig               |       |       |       |     1 ||     1
       Shaft Self        |       |       |       |     1 ||     1
Evoke: Wand              |       |       |     1 |     2 ||     3
  Use: Scroll            |     6 |     2 |     3 |     7 ||    18
       Potion            |       |       |     3 |     9 ||    12
 Stab: Sleeping          |     2 |     1 |     8 |       ||    11
       Distracted        |       |       |     1 |       ||     1
  Eat: Chunk             |     5 |     4 |    11 |    33 ||    53
       Ration            |       |     1 |     1 |     3 ||     5
Armor: Robe              |    32 |    19 |    76 |    70 ||   197
       Skin              |       |       |     1 |    13 ||    14
Dodge: Dodged            |    93 |    71 |   279 |   514 ||   957

Table legend:
 A = Non-vault XP
 B = Vault XP
 C = Vault XP percentage of total XP
 D = Non-vault monster count
 E = Vault monster count
 F = Vault count percentage of total count
                 A         B        C        D         E       F
            +---------+---------+-------+---------+---------+-------
      Total |   14081 |    5944 |  29.7 |     263 |      81 |  23.5
            +---------+---------+-------+---------+---------+-------
        D:1 |      25 |       0 |   0.0 |      13 |       0 |   0.0
        D:2 |     160 |       0 |   0.0 |      26 |       0 |   0.0
        D:3 |      41 |      14 |  25.5 |      19 |       6 |  24.0
        D:4 |     443 |       0 |   0.0 |      13 |       0 |   0.0
        D:5 |     553 |     257 |  31.7 |      16 |      10 |  38.5
        D:6 |    1162 |     591 |  33.7 |      33 |      11 |  25.0
        D:7 |    1353 |     172 |  11.3 |      27 |       1 |   3.6
        D:8 |    2549 |    1234 |  32.6 |      28 |       8 |  22.2
        D:9 |     902 |     825 |  47.8 |      22 |      12 |  35.3
       D:10 |    1738 |    2647 |  60.4 |      18 |      17 |  48.6
       D:11 |    4198 |       0 |   0.0 |      27 |       0 |   0.0
       D:12 |     957 |       0 |   0.0 |      21 |       0 |   0.0
    Ossuary |       0 |     204 | 100.0 |       0 |      16 | 100.0
            +---------+---------+-------+---------+---------+-------
